 Dungeon Crawl Stone Soup version 0.21.0-24-g2553a33 (webtiles) character file.

1628 Gorglomux the Ducker (level 9, -2/105 HPs)
             Began as a Human Artificer on Jan 19, 2018.
             Was a Follower of Okawaru.
             Slain by a hornet (9 damage)
             ... on level 6 of the Dungeon.
             The game lasted 00:11:32 (6687 turns).

Gorglomux the Ducker (Human Artificer)              Turns: 6687, Time: 00:11:33

Health: -2/105     AC: 24    Str: 16    XL:     9   Next: 18%
Magic:  10/11      EV:  2    Int: 12    God:    Okawaru [*.....]
Gold:   72         SH:  0    Dex: 13    Spells: 8/8 levels left

rFire    . . .     SeeInvis .   a - +2 dagger (drain)
rCold    . . .     Gourm    .   (no shield)
rNeg     + + +     Faith    .   (armour currently unavailable)
rPois    +         Spirit   .   (helmet currently unavailable)
rElec    .         Reflect  .   (cloak currently unavailable)
rCorr    .         Harm     .   (gloves currently unavailable)
MR       .....     NoTele   +   (boots currently unavailable)
Stlth    +++.......             (no amulet)
HPRegen  0.27/turn              o - ring of poison resistance
MPRegen  0.12/turn              L - +1 ring of evasion

@: tree-form, heroism, slowed, very slow
A: no striking features
a: Heroism, Renounce Religion


You were on level 6 of the Dungeon.
You worshipped Okawaru.
Okawaru was aware of your devotion.
You were very hungry.
You were a tree.
You visited 1 branch of the dungeon, and saw 7 of its levels.

You collected 275 gold pieces.
You spent 203 gold pieces at shops.

Inventory:

Hand Weapons
 a - a +2 dagger of draining (weapon)
 D - a +1 battleaxe of flaming
 U - a +1 morningstar of protection
Missiles
 H - 4 tomahawks (quivered)
 Z - 2 throwing nets
Armour
 y - a +0 chain mail (melded)
 z - a +0 pair of boots (melded)
Jewellery
 o - a ring of poison resistance (left branch)
 L - a +1 ring of evasion (right branch)
Wands
 c - a wand of flame (47)
 A - a wand of acid (3)
 E - a wand of enslavement (8)
 K - a wand of polymorph (6)
 O - a wand of clouds (3)
 S - a wand of scattershot (8)
Scrolls
 v - a scroll of random uselessness {unknown}
 B - 2 scrolls of immolation {unknown}
 C - a scroll of magic mapping {unknown}
 F - 7 scrolls of remove curse
 G - 3 scrolls of enchant armour {unknown}
 I - 2 scrolls of enchant weapon {unknown}
 N - 3 scrolls of teleportation {unknown}
 R - 2 scrolls of identify
 W - a scroll of blinking {unknown}
 X - 2 scrolls of fear {unknown}
 Y - a scroll of amnesia {unknown}
Potions
 w - 2 potions of lignification
 J - a potion of magic
 M - a potion of mutation {!q}
 P - a potion of brilliance {unknown}
 T - a potion of resistance {unknown}
 V - 3 potions of heal wounds {unknown}
Comestibles
 f - 9 rations


   Skills:
 + Level 6.3(11.3) Fighting
 - Level 1.0(6.0) Short Blades
 + Level 6.2(11.2) Armour
 + Level 6.6(11.6) Dodging
 - Level 1.0(6.0) Stealth
 - Level 3.0 Evocations


You had 8 spell levels left.
You didn't know any spells.

Dungeon Overview and Level Annotations

Branches:
Dungeon (7/15)             Temple (0/1) D:5

Altars:
Dithmenos
Nemelex Xobeh
Okawaru
Ru
Trog
Wu Jian
Xom
Yredelemnul

Shops:
D:5 :   D:6 (

Annotations:
D:4 matthes123's ghost, novice GnEE


Message History

* * * don't die
* * * You feel sick!
The hornet misses you! The hornet stings you! * * * don't die
* * * You feel yourself butt down!
Butt's hungry ghost barely butts the black bear!
You feel better!
You feel yourself speed up! The hornet stings you! * * * don't die
* * * You feel yourself butt down!
Your hungry ghost hits the black bear!
The hornet closely misses you!
You turn into a tree!
Your +0 pair of boots melds into your body!
Your +0 chain mail melds into your body!
Your roots penetrate the ground!
The hornet stings you but does butt damage!
Your hungry ghost hits the black bear!
The hornet stings you! * * * don't die
* * * Your hungry ghost hits the black bear!
The hornet stings you!!! rip

# #.......##..# #.....#######
# #######.##..# #.....# #
#......[.#..# #.....######
####........#..# #..........#
[))'........#..# #..........#
####.....)#.)..# ####.......#
#......##...# #.......#
#......##...######.......#####
#########..hy♣...'............
#.(W######.......#####
##..###############
#.>..............#
################.# #.#
#########.# #.........#
##.########


You could see a hornet, a black bear and a friendly hungry ghost.

Vanquished Creatures
  Grinder (D:3)
  Duvessa (D:6)
  An ice beast (D:6)
  A sky beast (D:6)
  2 ogres
  A phantom (D:3)
  3 centaurs
  A bullfrog (D:4)
  3 howler monkeys
  2 hounds
  A centaur zombie (D:6)
  A jelly (D:6)
  Jessica (D:3)
  Terence (D:3)
  2 worker ants (D:6)
  6 gnolls
  8 adders
  A shadow imp (D:6)
  A white imp (D:5)
  An ooze (D:5)
  An adder skeleton (D:4)
  3 dart slugs
  7 leopard geckos
  14 orcs
  2 giant cockroaches
  9 goblins
  5 hobgoblins
  2 quokkas
  A ball python (D:3)
  9 bats
  2 frilled lizards (D:1)
  7 kobolds
  A leopard gecko zombie (D:6)
  8 rats
110 creatures vanquished.

Vanquished Creatures (others)
  A quasit (D:6)
  A gnoll (D:4)
2 creatures vanquished.

Grand Total: 112 creatures vanquished

Notes
Turn   | Place    | Note
-------+----------+-------------------------------------------
     0 | D:1      | Gorglomux the Human Artificer began the quest for the Orb.
     0 | D:1      | Reached XP level 1. HP: 15/15 MP: 3/3
   198 | D:1      | Reached XP level 2. HP: 8/21 MP: 4/4
   433 | D:1      | Reached skill level 1 in Armour
   656 | D:1      | Reached XP level 3. HP: 21/27 MP: 5/5
  1282 | D:2      | Found an ornate altar of the Wu Jian Council.
  1312 | D:2      | Found a shimmering altar of Xom.
  1372 | D:2      | Reached skill level 3 in Dodging
  1372 | D:2      | Reached XP level 4. HP: 20/34 MP: 6/6
  1633 | D:2      | Reached XP level 5. HP: 31/39 MP: 7/7
  2070 | D:3      | Found a bloodstained altar of Trog.
  2130 | D:3      | Noticed Jessica
  2137 | D:3      | Killed Jessica
  2310 | D:3      | Reached skill level 3 in Fighting
  2479 | D:3      | Noticed Terence
  2487 | D:3      | Killed Terence
  2487 | D:3      | Reached XP level 6. HP: 45/47 MP: 8/8
  2504 | D:3      | Noticed Grinder
  2519 | D:3      | Killed Grinder
  2519 | D:3      | Reached skill level 3 in Armour
  2519 | D:3      | Reached XP level 7. HP: 53/53 MP: 9/9
  2810 | D:4      | Noticed matthes123's ghost (novice GnEE)
  3034 | D:4      | Noticed Edmund
  3222 | D:4      | Found a basalt altar of Yredelemnul.
  3759 | D:4      | Noticed Edmund
  3759 | D:4      | Edmund changed into Edmund the bullfrog
  3771 | D:4      | Killed Edmund the bullfrog
  3795 | D:4      | HP: 2/55 [matthes123's ghost/blast of sand (11)]
  4076 | D:5      | Entered Level 5 of the Dungeon
  4086 | D:5      | Reached XP level 8. HP: 45/61 MP: 10/10
  4211 | D:5      | Found an iron altar of Okawaru.
  4363 | D:5      | Found a sparkling altar of Nemelex Xobeh.
  4363 | D:5      | Found a sacrificial altar of Ru.
  4520 | D:5      | Became a worshipper of Warmaster Okawaru
  4640 | D:5      | Found a staircase to the Ecumenical Temple.
  4667 | D:5      | Found Jobb's Book Boutique.
  4998 | D:6      | Found Males's Antique Weapon Shoppe.
  5042 | D:6      | Bought a runed morningstar for 203 gold pieces
  5059 | D:6      | Found a shadowy altar of Dithmenos.
  5321 | D:6      | Noticed Duvessa
  5333 | D:6      | Noticed Dowan
  5343 | D:6      | Killed Duvessa
  5345 | D:6      | Noticed Dowan
  5345 | D:6      | Dowan changed into Dowan the adder
  5347 | D:6      | Killed Dowan the adder
  5347 | D:6      | Reached skill level 6 in Dodging
  5971 | D:6      | Reached * piety under Okawaru
  5979 | D:6      | Reached skill level 6 in Fighting
  5979 | D:6      | Reached XP level 9. HP: 20/69 MP: 8/11
  6263 | D:6      | Reached skill level 6 in Armour
  6633 | D:7      | Noticed a hornet
  6655 | D:6      | Paralysed by fainting for 7 turns
  6677 | D:6      | Paralysed by a hornet for 2 turns
  6682 | D:6      | Paralysed by a hornet for 3 turns
  6685 | D:6      | HP: 3/70 [hornet (5)]
  6687 | D:6      | Slain by a hornet

Skill      XL: |  1  2  3  4  5  6  7  8  9 |
---------------+----------------------------+-----
Armour         | 1 2 3 4 5 6 |  6.2
Fighting       | 2 3 4 6 |  6.3
Dodging        | 3 4 5 6 |  6.6
Short Blades   | |  1.0
Stealth        | |  1.0
Evocations     | |  3.0

Action                   |  1- 3 |  4- 6 |  7- 9 || total
-------------------------+-------+-------+-------++-------
Melee: Short sword       |   110 |    46 |       ||   156
       Dagger            |       |    59 |   416 ||   475
       Morningstar       |       |       |    25 ||    25
Throw: Tomahawk          |       |       |     8 ||     8
Invok: Heroism           |       |       |     3 ||     3
Evoke: Wand              |    12 |     2 |    20 ||    34
  Use: Scroll            |     4 |       |     2 ||     6
       Potion            |       |       |     2 ||     2
 Stab: Sleeping          |     1 |     1 |       ||     2
       Paralysed         |     1 |     8 |       ||     9
  Eat: Chunk             |     2 |     3 |    14 ||    19
       Ration            |       |       |     2 ||     2
Armor: Leather armour    |    35 |    18 |    49 ||   102
       Chain mail        |       |       |    78 ||    78
       Skin              |       |       |     1 ||     1
Dodge: Dodged            |    75 |    58 |   318 ||   451
